 Dungeon Crawl Stone Soup version 0.16-a0-791-gf1c67de (webtiles) character file.

694 RobertPalmer the Basher (level 7, -7/59 HPs)
             Began as an Ogre Wizard on Sept 27, 2014.
             Was an Initiate of Ashenzari.
             Killed from afar by an orc wizard (11 damage)
             ... with a puff of flame
             ... on Level 5 of the Dungeon on Sept 28, 2014.
             The game lasted 00:24:25 (9311 turns).

RobertPalmer the Basher (Ogre Wizard)               Turns: 9311, Time: 00:24:26

HP  -7/59        AC  3     Str 13      XL: 7   Next: 64%
MP   1/15        EV 15     Int 17      God: Ashenzari [......]
Gold 214         SH  0     Dex 15      Spells:  5 memorised,  3 levels left

rFire  . . .     SeeInvis .     a - +0 flail
rCold  . . .     Clarity  .     n - +0 robe
rNeg   . . .     rCorr    .     (shield restricted)
rPois  .         rRot     .     e - +0 hat
rElec  .         Spirit   .     (no cloak)
SustAb .         Warding  .     (gloves unavailable)
rMut   .         Stasis   .     (boots unavailable)
Gourm  .                        (no amulet)
MR     +....                    x - cursed ring of protection from magic
                                t - ring of wizardry

@: agile, very slightly contaminated, heavily drained, somewhat resistant to
hostile enchantments, unstealthy
A: unfitting armour, tough skin 1
a: Renounce Religion


You were on level 5 of the Dungeon.
You worshipped Ashenzari.
Ashenzari was noncommittal.
You were near starving.

You visited 2 branches of the dungeon, and saw 6 of its levels.

You collected 214 gold pieces.


Innate Abilities, Weirdness & Mutations

You are too large for most types of armour.
You have tough skin (AC +1).


   Skills:
 + Level 9.9(8.1) Maces & Flails
 - Level 2.9(1.4) Dodging
 - Level 1.5(0.1) Stealth
 - Level 3.6(2.1) Spellcasting
 - Level 0.6(0.0) Conjurations
 - Level 0.6(0.0) Summonings
 - Level 0.6(0.0) Translocations


You had 3 spell levels left.
You knew the following spells:

 Your Spells              Type           Power        Failure   Level  Hunger
b - Blink                 Tloc           N/A          12%         2    ##.....
c - Mephitic Cloud        Conj/Pois/Air  #.......     30%         3    ####...
d - Repel Missiles        Chrm/Air       #.....       12%         2    ##.....
x - Call Imp              Summ           #.......     12%         2    ##.....
z - Magic Dart            Conj           #...         9%          1    #......

Inventory:

Hand weapons
 a - a +0 flail (weapon)
 b - a +0 blowgun
Missiles
 m - 4 needles of slowing
Armour
 e - a +0 hat (worn)
 n - a +0 robe (worn)
Magical devices
 y - a wand of slowing (12)
Comestibles
 h - 2 bread rations
 p - 3 meat rations
 B - a beef jerky
 D - 2 slices of pizza
Scrolls
 f - a scroll of fog {unknown}
 j - a scroll of recharging
 l - a scroll of noise {unknown}
 q - a scroll of immolation {unknown}
 v - 4 scrolls of remove curse
Jewellery
 t - a ring of wizardry (left hand)
 x - a cursed ring of protection from magic (right hand)
Potions
 g - a potion of restore abilities
 r - a potion of haste
 w - a potion of mutation {unknown}
 z - a potion of flight
 C - a potion of cure mutation {unknown}
Books
 c - a book of Minor Magic
 u - a book of the Warp

Dungeon Overview and Level Annotations

Branches:
Dungeon (5/15)             Temple (1/1) D:4

Altars:
Ashenzari
Cheibriados
Dithmenos
Elyvilon
Gozag
Makhleb
Okawaru
Qazlal
Ru
Sif Muna
Trog
Yredelemnul
Zin
The Shining One

Annotations:
D:5 Pikel

..................≈P≈P.....>
#.##....#######.##.P.)####.#.
#.##....# #.##...## #.#.
#.##..(.# #.###..# ##.#.
#.##....# #.###..####....
#.##....# #..............
#.#####.# #.####..######.
#.#####.#######'###.)....###.
#(..((...(({@.....'..........
###.##.##.#####.....#......#...
#.........# #.....##.#.......
###.#.##.##.###
#.....##.#..##.#.
...(..........#
########.#..##.#.
###)####.##.#.# #.....##.#. #(#
#.##.#.# #........#. ###)#
#.##.#.#########....#.###(
..#.####...................#.#
#.


There were no monsters in sight!


Message History

The magic dart hits something.
You hear some strange, mumbled words.
The puff of flame hits you!
* * * LOW HITPOINT WARNING * * *
You don't know that spell.
Okay, then.
Aiming: Magic Dart The magic dart hits something.
You hear some strange, mumbled words.
The magic dart hits you!
* * * LOW HITPOINT WARNING * * *
Aiming: Magic Dart The magic dart hits something.
You hear some strange, mumbled words.
The magic dart hits you!
* * * LOW HITPOINT WARNING * * *
Read which item? (? for menu, Esc to quit)
Okay, then.
Drink which item? (? for menu, Esc to quit)
Okay, then.
Evoke which item? (* to show all) (? for menu, Esc to quit)
Okay, then.
Okay, then.
Aiming: Magic Dart The magic dart hits something.
Aiming: Magic Dart The magic dart hits something.
You hear some strange, mumbled words.
The puff of flame hits you!
You die...

Action                   |  1- 3 |  4- 6 |  7- 9 || total
-------------------------+-------+-------+-------++-------
Melee: Unarmed           |    19 |       |       ||    19
       Club              |    88 |   246 |    20 ||   354
       Flail             |       |       |    58 ||    58
 Fire: Blowgun           |       |    18 |    56 ||    74
 Cast: Magic Dart        |    54 |    35 |    17 ||   106
       Call Imp          |     5 |    36 |     9 ||    50
       Mephitic Cloud    |       |    16 |     1 ||    17
       Blink             |       |     1 |       ||     1
       Repel Missiles    |       |     1 |     1 ||     2
Evoke: Wand              |       |       |     2 ||     2
  Use: Scroll            |     1 |    11 |     1 ||    13
       Potion            |       |     4 |     5 ||     9
 Stab: Confused          |       |     5 |       ||     5
       Distracted        |       |     1 |       ||     1
       Invisible         |       |     1 |     1 ||     2
  Eat: Meat ration       |     1 |     1 |       ||     2
       Chunk             |     1 |     5 |     2 ||     8
       Bread ration      |       |     2 |       ||     2
       Fruit             |       |     4 |       ||     4

Vault maps used:
D:1:      shiori_arrival_oz, minmay_misc_feat_secret_circle,
          grunt_decor_clamped, hex_medium
D:2:      kennysheep_cluttered_room, minmay_misc_feat_four_crosses,
          grunt_qazlal_clouds
D:3:      uniq_natasha
D:4:      bloody_trog, minmay_temple_entry_mist, first_bread,
          makhleb_altar_promises_db
D:5:      zin_academy, serial_bayou_pond_c, uniq_pikel, uniq_blork_the_orc
Temple:   circular_temple_pool_12

Notes
Turn   | Place    | Note
--------------------------------------------------------------
     0 | D:1      | RobertPalmer, the Ogre Wizard, began the quest for the Orb.
     0 | D:1      | Reached XP level 1. HP: 16/16 MP: 4/4
   193 | D:1      | Reached skill level 2 in Dodging
   799 | D:1      | Reached XP level 2. HP: 24/24 MP: 3/6
  2105 | D:1      | Learned a level 2 spell: Blink
  2108 | D:1      | Learned a level 2 spell: Call Imp
  2111 | D:1      | Learned a level 2 spell: Repel Missiles
  2132 | D:2      | Reached skill level 1 in Maces & Flails
  2132 | D:2      | Reached XP level 3. HP: 25/31 MP: 0/8
  2571 | D:2      | Reached skill level 2 in Maces & Flails
  2707 | D:2      | Found a stormy altar of Qazlal.
  2842 | D:2      | Noticed a centaur
  3141 | D:3      | Reached skill level 3 in Maces & Flails
  3141 | D:3      | Reached XP level 4. HP: 30/39 MP: 2/10
  3723 | D:3      | Noticed Natasha
  3732 | D:3      | Killed Natasha
  3732 | D:3      | Reached skill level 4 in Maces & Flails
  4393 | D:3      | Reached XP level 5. HP: 27/45 MP: 1/11
  4405 | D:3      | HP: 4/45 [bat (1)]
  4647 | D:4      | Reached skill level 5 in Maces & Flails
  4668 | D:4      | Found a staircase to the Ecumenical Temple.
  4678 | Temple   | Entered the Ecumenical Temple
  4746 | Temple   | Became a worshipper of Ashenzari the Shackled
  5090 | D:4      | Learned a level 3 spell: Mephitic Cloud
  5108 | D:4      | Found a bloodstained altar of Trog.
  6034 | D:4      | Reached skill level 6 in Maces & Flails
  6269 | D:4      | Noticed a sky beast
  6276 | D:4      | Found a burning altar of Makhleb.
  6438 | D:4      | Reached XP level 6. HP: 24/53 MP: 1/13
  6603 | D:4      | Upgraded the game from 0.16-a0-787-g31dbbe7 to 0.16-a0-791-gf1c67de
  6858 | D:4      | Reached skill level 7 in Maces & Flails
  6864 | D:4      | Noticed a balrug
  7065 | D:5      | Entered Level 5 of the Dungeon
  7148 | D:5      | Noticed Blork the orc
  7407 | D:5      | Killed Blork the orc
  7431 | D:5      | Reached skill level 8 in Maces & Flails
  8015 | D:5      | Reached XP level 7. HP: 43/59 MP: 15/15
  8270 | D:5      | Reached skill level 9 in Maces & Flails
  8335 | D:5      | Found a glowing silver altar of Zin.
  8991 | D:5      | Noticed Pikel
  9309 | D:5      | HP: 4/59 [something/magic dart (3)]
  9311 | D:5      | Killed from afar by an orc wizard

Vanquished Creatures
  Blork the orc (D:5)
  3 scorpions
  A wight (D:5)
  A hound (D:5)
  An iguana (D:5)
  An orc wizard (D:3)
  4 worker ants
  A big kobold skeleton (D:5)
  A hound skeleton (D:4)
  3 gnolls (D:5)
  2 adders
  2 giant mites
  2 worms
  2 giant geckos
  5 orcs
  5 giant cockroaches
  10 hobgoblins
  9 jackals
  4 quokkas
  A ball python (D:4)
  12 bats
  5 giant newts
  12 goblins
  10 kobolds
  8 rats
  A plant (D:5)
107 creatures vanquished.

Vanquished Creatures (collateral kills)
  2 crimson imps
  Natasha (D:3)
  An ogre skeleton (D:5)
  4 adders
  3 worms
  A jackal (D:4)
12 creatures vanquished.

Vanquished Creatures (others)
  A shadow imp (D:4)
  2 white imps
3 creatures vanquished.

Grand Total: 122 creatures vanquished
